 Dungeon Crawl Stone Soup version 0.31-a0-700-gf13585253f (webtiles) character file.

Game seed: 12267524001926923336

4664 Xavori the Covert (level 10, -21/66 HPs)
             Began as an Octopode Chaos Knight on Sept 7, 2023.
             Was a Plaything of Xom.
             Demolished by a komodo dragon (42 damage)
             ... while paralysed by you
             ... on level 7 of the Dungeon.
             The game lasted 00:08:24 (5935 turns).

Xavori the Covert (Octopode Chaos Knight)           Turns: 5935, Time: 00:08:24

Health: -21/66     AC:  1    Str: 12    XL:     10   Next: 44%
Magic:  2/10       EV:  2    Int: 12    God:    Xom [..*...]
Gold:   410        SH:  0    Dex: 16    Spells: 9/9 levels left

rFire   + . .        u - +1 dagger (speed)
rCold   + . .        (no shield)
rNeg    . . .        (helmet restricted)
rPois   +            j - amulet "Atrad" {Reflect rPois Regen+ SH+5}
rElec   +            (no ring)
rCorr   +            (no ring)
SInv    .            (no ring)
Will    +....        (no ring)
Stlth   ++++++       (no ring)
HPRegen 1.11/turn    (no ring)
MPRegen 0.12/turn    (no ring)
                     (no ring)

%: reflection
@: paralysed, brilliant, resistant, on berserk cooldown, hasted and slowed
A: almost no armour, amphibious, 8 rings, camouflage 1, gelatinous body 1,
(nimble swimmer 1), tentacles, dopey 1, strong-willed 1, passive freeze,
MP-powered wands
a: Renounce Religion


You were on level 7 of the Dungeon.
You worshipped Xom.
You were a toy of Xom.
You visited 1 branch of the dungeon, and saw 7 of its levels.
You also visited: Sewer.

You collected 410 gold pieces.

Inventory:

Hand Weapons
 a - a +1 short sword of chaos
 u - a +1 dagger of speed (weapon)
Jewellery
 j - the amulet "Atrad" (around mantle) {Reflect rPois Regen+ SH+5}
   (You found it on level 2 of the Dungeon)

   [amulet of reflection]

   Reflect:   It reflects blocked missile attacks.
   rPois:     It protects you from poison Regen+: It increases your rate of
   health regeneration.
   SH+5:      It affects your SH (+5).
Talismans
 v - a blade talisman
Wands
 k - a wand of charming (9)
 q - a wand of flame (17)
Scrolls
 b - a scroll of butterflies
 c - a scroll of fog
 d - a scroll of immolation
 f - a scroll of poison
 g - a scroll of brand weapon {unknown}
 i - 2 scrolls of summoning
 l - 3 scrolls of amnesia
 n - 3 scrolls of teleportation
 r - 2 scrolls of noise
 y - a scroll of identify
Potions
 e - a potion of attraction {unknown}
 h - 2 potions of heal wounds
 m - 2 potions of enlightenment
 o - 5 potions of curing
 p - a potion of might {unknown}
 s - a potion of invisibility
 t - a potion of brilliance
 w - a potion of ambrosia {unknown}


   Skills:
 + Level 5.3 Fighting
 + Level 7.1 Short Blades
 + Level 6.8 Dodging
 + Level 12.2 Stealth
 + Level 3.5 Shields
 * Level 4.4 Evocations
 * Level 3.0 Shapeshifting


You had 9 spell levels left.
You didn't know any spells.
Your spell library contained the following spells:

 Spells                   Type           Power      Damage    Failure   Level
 Magic Dart               Conj           0%         1d3       32%         1
 Cigotuvi's Dreadful Rot  Necr/Pois/Air  0%         N/A       45%         2
 Lesser Beckoning         Tloc           0%         N/A       45%         2
 Searing Ray              Conj           0%         2d4       45%         2
 Gell's Gravitas          Tloc           0%         N/A       69%         3
 Ignite Poison            Fire/Tmut/Pois 0%         N/A       69%         3
 Ozocubu's Armour         Ice            0%         N/A       69%         3
 Teleport Other           Tloc           0%         N/A       69%         3
 Animate Dead             Necr           0%         N/A       97%         4
 Fulminant Prism          Conj/Hex       0%         3d5       97%         4
 Leda's Liquefaction      Hex/Erth       0%         N/A       97%         4
 Freezing Cloud           Conj/Ice/Air   0%         6-21      100%        5
 Lee's Rapid Deconstruct  Erth           0%         3d4*      100%        5
 Metabolic Englaciation   Hex/Ice        0%         N/A       100%        5
 Leda's Unmaking          Conj/Erth      0%         9d1       100%        6
 Simulacrum               Ice/Necr       0%         N/A       100%        6
 Haunt                    Necr/Summ      0%         N/A       100%        7
 Infestation              Necr           0%         N/A       100%        8


Dungeon Overview and Level Annotations

Branches:
Dungeon (7/15)             Temple (0/1) D:5           Sewer (visited)

Altars:
Qazlal
Sif Muna
Xom

Shops:
D:6 =

Portals:
Ossuary: D:7


Innate Abilities, Weirdness & Mutations

You cannot wear most types of armour.
You are amphibious.
You can wear up to eight rings at the same time.
Your skin changes colour to match your surroundings (Stealth+).
Your rubbery body absorbs attacks. (AC +1, EV +1)
((You are camouflaged when in or above water. (Stealth+)))
You have tentacles for arms and can constrict up to eight enemies at once.
You are dopey. (Int -2)
You are strong-willed. (Will+)
A frigid envelope surrounds you and freezes all who hurt you.
You expend magic power (3 MP) to strengthen your wands.


Message History

You feel less wooden.
The steam dragon is no longer paralysed.
The steam dragon is engulfed in seething chaos.
The komodo dragon is engulfed in seething chaos.
The iguana is engulfed in seething chaos.
Unknown command.
You closely miss the komodo dragon.
The komodo dragon hisses angrily.
The komodo dragon is moderately wounded.
You suddenly lose the ability to move!
The iguana rages.
You feel as though you will be slow longer.
The iguana is no longer moving slowly.
The steam dragon is engulfed in seething chaos.
The komodo dragon is engulfed in seething chaos.
The komodo dragon goes berserk!
The komodo dragon completely misses you.
The iguana is engulfed in seething chaos.
The kobold brigand throws a poisoned dart.
The poisoned dart hits the iguana!
The iguana is poisoned.
The iguana is no longer moving slowly.
The iguana rages.
The komodo dragon is engulfed in seething chaos.
The komodo dragon bites you!!!
Ouch! That really hurt!
The komodo dragon is very cold.
The komodo dragon is moderately wounded.
The orc is engulfed in seething chaos.
The orc seems to speed up.
The iguana hisses angrily.
You flicker back into view.
Your cleaving frenzy subsides.
The iguana is no longer paralysed.
The komodo dragon is engulfed in seething chaos.
The komodo dragon bites you.
The komodo dragon is very cold.
The komodo dragon seems to slow down.
The komodo dragon is moderately wounded.
The komodo dragon is engulfed in seething chaos.
The komodo dragon bites you!!!
Ouch! That really hurt!
You die...
Xom cackles wildly!

################
.## .
................
..# ..
.#######...####
#.. .# ♣♣
♣♣...♣♣♣ #.# ..
♣.♣♣.♣♣♣♣.♣
#.##.#.#.
♣..♣♣...♣
#........
♣♣.♣♣..♣ #..#
♣♣)...♣
#........ ####@#
## #.##.#>#.
.##l##l #.. ..
#§llD.# #.# .#
#.)o(.# #.# ..
#...$.# #.# .
†##†##. #.#
######†########
♣.............#
♣.♣♣H?♣.♣♣♣♣..♣#


You could see a komodo dragon (berserk, strong, slow), a steam dragon (berserk,
fast, strong, agile, resistant), 2 iguanas and an orc (fast).

Vanquished Creatures
  Pikel (D:4)
  A cyclops (D:7)
  A manticore (D:7)
  A troll (shapeshifter) (D:5)
  Grinder (D:5)
  A wraith (D:7)
  A vampire mosquito (D:7)
  Menkaure (D:4)
  3 water moccasins
  Duvessa (D:4)
  The ghost of Bravepunisher the Ducker, an amateur SpMo of Makhleb (D:5)
  An ice beast (D:7)
  A black bear (D:6)
  An ogre (D:6)
  A centaur (D:5)
  2 phantoms
  3 kobold brigands
  2 scorpions
  2 wights (D:7)
  Dowan (D:4)
  2 jellies
  2 hounds
  An orc priest (D:5)
  7 iguanas
  An orc wizard (D:5)
  12 adders
  2 gnolls (D:5)
  2 white imps (D:5)
  An ufetubus (D:6)
  2 worms (D:2)
  A dart slug (D:5)
  9 orcs
  An endoplasm (D:1)
  5 giant cockroaches
  3 goblins
  10 hobgoblins
  4 jackals
  5 quokkas
  4 ball pythons
  4 bats
  4 frilled lizards
  21 kobolds
  5 rats
135 creatures vanquished.

Vanquished Creatures (others)
  A cyclops (D:7)
  A hound (D:7)
  An orc wizard (D:5)
3 creatures vanquished.

Grand Total: 138 creatures vanquished

Notes
Turn   | Place    | Note
-------+----------+-------------------------------------------
     0 | D:1      | Xavori the Octopode Chaos Knight began the quest for the
                  | Orb.
     0 | D:1      | Reached XP level 1. HP: 16/16 MP: 1/1
   118 | D:1      | Reached XP level 2. HP: 13/21 MP: 2/2
   709 | D:1      | XOM: silly message
   750 | D:1      | XOM: cloud trail
  1127 | D:1      | XOM: silly message
  1240 | D:1      | XOM: draining
  1474 | D:1      | XOM: torment (10/17 hp)
  1563 | D:1      | XOM: torment (10/17 hp)
  1691 | D:1      | XOM: give mutations
  1691 | D:1      | Gained mutation: One of your tentacles bears a spike.
                  | [Xom's mischief]
  1691 | D:1      | Gained mutation: You are dopey. (Int -2) [Xom's mischief]
  1691 | D:1      | Gained mutation: You possess an exceptional clarity of
                  | mind. [Xom's mischief]
  2523 | D:1      | XOM: give mutations
  2523 | D:1      | Gained mutation: One of your tentacles bears a nasty spike.
                  | [Xom's mischief]
  2523 | D:1      | Gained mutation: You are partially covered in iridescent
                  | scales. (AC +2) [Xom's mischief]
  2523 | D:1      | Gained mutation: A frigid envelope surrounds you and
                  | freezes all who hurt you. [Xom's mischief]
  2523 | D:1      | Lost mutation: You possess an exceptional clarity of mind.
                  | [Xom's mischief]
  2663 | D:2      | Reached XP level 3. HP: 18/22 MP: 3/3
  2702 | D:2      | Identified the amulet "Atrad" {Reflect rPois Regen+ SH+5}
  2735 | D:2      | XOM is BORED!
  2735 | D:2      | XOM: summons 1 hostile demon
  2773 | D:2      | Reached skill level 1 in Stealth
  2887 | D:2      | XOM: divination: detect creatures
  2899 | D:2      | Reached skill level 2 in Stealth
  2899 | D:2      | Reached XP level 4. HP: 31/32 MP: 4/4
  3078 | D:2      | XOM: silly message
  3433 | D:3      | Found a faded altar of an unknown god.
  3619 | D:3      | XOM: silly message
  3755 | D:4      | Noticed Duvessa
  3756 | D:4      | Noticed Dowan
  3756 | D:4      | Noticed Pikel
  3763 | D:4      | Noticed a lemure
  3764 | D:4      | Noticed a lemure
  3764 | D:4      | Noticed a lemure
  3764 | D:4      | Noticed a lemure
  3768 | D:4      | XOM: scenery: create altars
  3778 | D:4      | XOM: enchant monster (good)
  3779 | D:4      | Killed Pikel
  3780 | D:4      | Reached skill level 7 in Stealth
  3780 | D:4      | Reached skill level 1 in Shields
  3780 | D:4      | Reached XP level 5. HP: 37/37 MP: 5/5
  3780 | D:4      | Reached XP level 6. HP: 43/43 MP: 6/6
  3780 | D:4      | Reached XP level 7. HP: 48/48 MP: 7/7
  3795 | D:4      | Killed Dowan
  3812 | D:4      | Killed Duvessa
  3813 | D:4      | Reached skill level 8 in Stealth
  3901 | D:4      | Reached skill level 5 in Short Blades
  3901 | D:4      | Reached XP level 8. HP: 51/54 MP: 8/8
  3946 | D:4      | Noticed Menkaure
  3955 | D:4      | Killed Menkaure
  3956 | D:4      | Reached skill level 9 in Stealth
  4072 | D:4      | XOM: summons 2 hostile demons
  4193 | D:5      | Entered Level 5 of the Dungeon
  4223 | D:5      | XOM: polymorph gnoll -> hobgoblin
  4232 | D:5      | XOM: polymorph gnoll -> jelly
  4316 | D:5      | Found a runed translucent gate.
  4317 | D:5      | Found a runed translucent gate.
  4318 | D:5      | Found a runed translucent gate.
  4320 | D:5      | Noticed Bravepunisher's ghost (amateur SpMo)
  4449 | D:5      | Noticed Grinder
  4453 | D:5      | Killed Grinder
  4454 | D:5      | Reached skill level 5 in Dodging
  4454 | D:5      | Reached skill level 10 in Stealth
  4469 | D:5      | Reached XP level 9. HP: 30/59 MP: 9/9
  4755 | D:5      | Found a staircase to the Ecumenical Temple.
  4961 | D:5      | XOM: cloud trail
  5093 | D:5      | XOM: silly message
  5096 | D:5      | Killed Bravepunisher's ghost
  5097 | D:5      | Reached skill level 1 in Evocations
  5113 | D:5      | XOM: potion effect (curing)
  5113 | D:5      | a shapeshifter changed into a troll
  5113 | D:5      | Noticed a troll (shapeshifter)
  5120 | D:5      | Killed a troll
  5184 | D:5      | XOM: divination: detect items
  5196 | D:6      | Found a glowing drain.
  5234 | Sewer    | Entered a sewer
  5387 | D:6      | XOM: noise
  5424 | D:6      | Found Koihom's Jewellery Emporium.
  5458 | D:6      | Reached skill level 5 in Fighting
  5503 | D:6      | Found a shimmering blue altar of Sif Muna.
  5516 | D:6      | XOM: cloud trail
  5554 | D:6      | Reached skill level 1 in Shapeshifting
  5591 | D:6      | Found a stormy altar of Qazlal.
  5841 | D:7      | Reached skill level 11 in Stealth
  5855 | D:7      | Noticed a cyclops
  5856 | D:7      | Noticed a cyclops
  5857 | D:7      | Noticed a komodo dragon
  5857 | D:7      | XOM: fog
  5861 | D:7      | Noticed a manticore
  5863 | D:7      | Lost mutation: One of your tentacles bears a nasty spike.
                  | [potion of mutation]
  5863 | D:7      | Lost mutation: One of your tentacles bears a spike. [potion
                  | of mutation]
  5863 | D:7      | Lost mutation: You are partially covered in iridescent
                  | scales. (AC +2) [potion of mutation]
  5863 | D:7      | Gained mutation: You expend magic power (3 MP) to
                  | strengthen your wands. [potion of mutation]
  5863 | D:7      | Gained mutation: You are strong-willed. (Will+) [potion of
                  | mutation]
  5866 | D:7      | XOM: swap monsters
  5869 | D:7      | Found a sand-covered staircase.
  5869 | D:7      | XOM: 4-stop teleportation journey
  5880 | D:7      | Killed a manticore
  5881 | D:7      | Reached XP level 10. HP: 58/66 MP: 10/10
  5888 | D:7      | XOM: chaos cloud
  5893 | D:7      | XOM: cleaving
  5903 | D:7      | XOM: confuse monster(s)
  5917 | D:7      | Killed a cyclops
  5924 | D:7      | Killed a cyclops
  5925 | D:7      | Reached skill level 12 in Stealth
  5932 | D:7      | Paralysed by you for 5 turns
  5935 | D:7      | Demolished by a komodo dragon

Illustrated notes

Levels and vault maps discovered:
D:1:      wander_arrival_peaceful_grave, layout_loops_ring
D:2:      layout_rooms
D:3:      layout_loops_ring, shapermc_ecumenical_altar_flowoftime
D:4:      layout_rooms, uniq_pikel, uniq_duvessa, uniq_menkaure
D:5:      layout_loops_ring, minmay_temple_entry_poolview,
          gammafunk_ghost_nasty_kobolds, uniq_crazy_yiuf_cottage, uniq_grinder
D:6:      cheibrodos_thug_alley, layout_rooms, general_overflow_altar,
          mainiacjoe_overflow_boulevard, gup_sewer_entry_glass, serial_shops,
          nicolae_shop_gaudy_bauble
D:7:      nzn_winding_woodlands_small [nzn_winding_woodlands_5x15_crooked,
          nzn_winding_woodlands_center_pierced_h,
          nzn_winding_woodlands_5x15_pockets], layout_loops_corners,
          mainiacjoe_overflow_small_starburst, cheibriados_altar_1,
          nicolae_ossuary_entry_plus, grunt_ministairs_11, st_stairs_12,
          uniq_maggie

Skill      XL: |  1  2  3  4  5  6  7  8  9 10 |
---------------+-------------------------------+-----
Stealth        | 2 7 8 10 11 12 | 12.2
Fighting       | 4 5 |  5.3
Short Blades   | 4 5 6 7 |  7.1
Dodging        | 3 5 6 |  6.8
Shields        | 1 2 3 |  3.5
Evocations     | 3 4 |  4.4
Shapeshifting  | 2 3 |  3.0

Action                     |  1- 3 |  4- 6 |  7- 9 | 10-12 || total
---------------------------+-------+-------+-------+-------++-------
  Melee: Short sword       |    58 |    21 |   204 |       ||   283
         Constrict         |    10 |     1 |    41 |     1 ||    53
         Tentacles         |     8 |     2 |    45 |     4 ||    59
         Kick              |     6 |     1 |    62 |       ||    69
         Punch             |       |       |     6 |       ||     6
         Dagger            |       |       |    13 |    22 ||    35
  Evoke: Wand              |       |       |     1 |     5 ||     6
    Use: Scroll            |       |     4 |    10 |       ||    14
         Potion            |       |     3 |     5 |       ||     8
   Stab: Sleeping          |    11 |     6 |    10 |       ||    27
         Distracted        |       |     1 |     1 |       ||     2
         Invisible         |       |       |     2 |     3 ||     5
         Petrifying        |       |       |       |     2 ||     2
         Confused          |       |       |       |     1 ||     1
 Armour: Skin              |    18 |     3 |    84 |     5 ||   110
  Dodge: Dodged            |    37 |     3 |    97 |     2 ||   139
  Block: Other             |     7 |     3 |    34 |     2 ||    46
         Reflection        |       |       |     1 |       ||     1

Table legend: (Time is in decaauts)
 A = Elapsed time spent in this place.
 B = Non-inter-level travel time spent in this place.
 C = Inter-level travel time spent in this place.
 D = Time resting spent in this place.
 E = Time spent auto-exploring this place.
 F = Levels seen in this place.
 G = Mean time per level.
                   A        B        C        D        E       F      G
               +--------+--------+--------+--------+--------+-----+--------+
         Total |   5822 |   5698 |    124 |   2001 |   2858 |   8 |  727.8 |
       Dungeon |   5710 |   5586 |    124 |   2001 |   2786 |   7 |  815.7 |
         Sewer |    112 |    112 |      0 |      0 |     72 |   1 |  112.0 |
               +--------+--------+--------+--------+--------+-----+--------+

Top non-repeatable levels by time:
     D:1: 2619 daAuts
     D:5: 977 daAuts
     D:3: 596 daAuts
     D:6: 509 daAuts
     D:2: 488 daAuts
     D:4: 445 daAuts
   Sewer: 112 daAuts
     D:7: 73 daAuts
